 Dungeon Crawl Stone Soup version 0.19-a0-1932-g59670f6 (webtiles) character file.

74 dobroeutro the Shooter (level 4, -1/29 HPs)
             Began as a Gargoyle Hunter on Oct 25, 2016.
             Slain by a worker ant (3 damage)
             ... on level 3 of the Dungeon.
             The game lasted 00:01:24 (1397 turns).

dobroeutro the Shooter (Gargoyle Hunter)            Turns: 1397, Time: 00:01:24

Health: -1/29      AC:  6    Str: 16    XL:     4   Next: 28%
Magic:  4/4        EV: 11    Int: 11    God:
Gold:   199        SH:  0    Dex: 11    Spells: 0 memorised, 3 levels left

rFire  . . .     SeeInvis .     b - +0 short sword
rCold  . . .     Gourm    .     c - +0 leather armour
rNeg   + . .     Faith    .     (no shield)
rPois  ∞         Spirit   .     (no helmet)
rElec  +         Reflect  .     (no cloak)
rCorr  .         Harm     .     (no gloves)
MR     .....                    (no boots)
Stlth  +.........               (no amulet)
                                (no ring)
                                e - +4 ring of slaying

@: no status effects
A: negative energy resistance 1, electricity resistance, unbreathing,
petrification resistance, rot immunity, AC +3
a: no special abilities


You were on level 3 of the Dungeon.
You were hungry.

You visited 1 branch of the dungeon, and saw 3 of its levels.

You collected 199 gold pieces.

Inventory:

Hand Weapons
 a - a +1 shortbow
 b - a +0 short sword (weapon)
Missiles
 d - 42 arrows
Armour
 c - a +0 leather armour (worn)
Jewellery
 e - a +4 ring of slaying (left hand)
 h - a cursed amulet of inaccuracy {unknown}
 r - an uncursed amulet of rage {unknown}
Scrolls
 i - a scroll of enchant weapon {unknown}
 j - a scroll of immolation {unknown}
 k - 3 scrolls of remove curse {unknown}
 n - 2 scrolls of identify {unknown}
 o - a scroll of fear {unknown}
 q - a scroll of random uselessness {unknown}
Potions
 m - 3 potions of curing {unknown}
Comestibles
 f - 2 bread rations
 g - a beef jerky
 l - a fruit
 p - a chunk of flesh


   Skills:
 + Level 3.8 Fighting
 + Level 4.8 Bows
 - Level 1.5 Dodging
 - Level 1.1 Stealth


You had 3 spell levels left.
You didn't know any spells.

Dungeon Overview and Level Annotations

Branches:
Dungeon (2/15)

Altars:
Elyvilon


Innate Abilities, Weirdness & Mutations

You are resistant to torment.
Your stone body is resilient. (AC +3)
You are immune to poison.
You resist negative energy. (rN+)
You are resistant to electric shocks. (rElec)
You can survive without breathing.
You are immune to petrification.
You are immune to rotting.


Message History

r - a lumpy amethyst amulet The hobgoblin hits you but does no damage.
The rat bites you.
* * * LOW HITPOINT WARNING * * *
A kobold comes into view. It is wielding a short sword.
The kobold shouts!
You closely miss the kobold.
The hobgoblin hits you but does no damage.
The kobold hits you with a short sword.
* * * LOW HITPOINT WARNING * * *
The kobold hits you but does no damage.
A worker ant and a giant cockroach come into view.
The kobold hits you with a short sword.
* * * LOW HITPOINT WARNING * * *
You are feeling hungry.
The giant cockroach bites you but does no damage.
The giant cockroach barely misses you. The worker ant completely misses you.
The kobold misses you. The worker ant bites you.
You die...

..### .... ....## ..# ##
..... ..# .. .... .##
#.# ##...# ..##..#
#....# ..#..#
####.#..#### ..#.#
#..........# ....#
#...@......# ...##
#..gKa......
...##########.ors......#
#..........##....####...
#..........#..#.l# ..
#............##o## .
#..........## #.#
#..........####.#
.........oo.l...#


You could see a worker ant, 2 orcs, a giant cockroach, a hobgoblin, a kobold, a
frilled lizard and a rat.

Vanquished Creatures
  An orc wizard (D:3)
  2 adders (D:2)
  A leopard gecko (D:1)
  3 giant cockroaches
  4 goblins
  A hobgoblin (D:1)
  2 jackals (D:1)
  5 kobolds (D:1)
  2 bats
  A frilled lizard (D:2)
  4 rats (D:1)
26 creatures vanquished.

Notes
Turn   | Place    | Note
-------+----------+-------------------------------------------
     0 | D:1      | dobroeutro the Gargoyle Hunter began the quest for the Orb.
     0 | D:1      | Reached XP level 1. HP: 12/12 MP: 1/1
   168 | D:1      | Reached XP level 2. HP: 18/18 MP: 2/2
  1058 | D:2      | Reached XP level 3. HP: 23/23 MP: 3/3
  1214 | D:2      | Found a white marble altar of Elyvilon.
  1360 | D:2      | You fall through a shaft!
  1366 | D:3      | Reached XP level 4. HP: 20/29 MP: 4/4
  1397 | D:3      | Slain by a worker ant

Vault maps used:
D:1:      dpeg_arrival_rhombi
D:2:      elyvilon_altar_3, serial_curves, eino_curves_01, eino_curves_03
D:3:      grunt_gozag_statues

Skill      XL: |  1  2 |
---------------+-------+-----
Fighting       | 3 |  3.8
Bows           | |  4.8
Dodging        | |  1.5
Stealth        | |  1.1

Action                   |  1- 3 |  4- 6 || total
-------------------------+-------+-------++-------
Melee: Short sword       |    65 |     1 ||    66
 Stab: Sleeping          |     3 |       ||     3
  Eat: Chunk             |     1 |       ||     1
Armor: Leather armour    |    26 |     4 ||    30
Dodge: Dodged            |    36 |     5 ||    41
